Map: Amygdala

Players

Vince - Winner!

  • Race: Terran Terran
  • League: Silver
  • Spawn Location: 7:00

iPlayDefense

  • Race: Terran Terran
  • League: Silver
  • Spawn Location: 1:00

VOD

Have the link to the VOD?

Description

Time

  • Played on: April 14, 2025, 8:58 a.m.
  • Length: 18:15
Show
View Real Time Build Order
Export as new Build Order

Vince Terran - Winner!

Build Orders:  

Get SALT Encoding   

  12  0:00  SCV  
  13  0:13  SCV  
  14  0:24  Supply Depot  
  14  0:25  SCV  
  15  0:45  SCV  
  15  0:47  Barracks  
  16  0:58  SCV  
  16  1:03  Refinery  
  17  1:10  SCV  
  18  1:22  SCV  
  19  1:34  SCV  
  19  1:39  Command Center  
  20  1:46  SCV  
  21  1:52  Barracks Reactor  
  21  1:56  Supply Depot  
  21  1:59  Orbital Command  
  21  2:24  Barracks  
  21  2:25  SCV, Bunker  
  22  2:30  Marine x2  
  24  2:39  SCV, Refinery  
  25  2:48  Marine x2  
  27  2:59  Orbital Command  
  27  3:06  SCV  
  28  3:13  Barracks  
  28  3:14  Barracks Tech Lab  
  28  3:18  SCV  
  29  3:23  Factory  
  29  3:28  Marine x2  
  29  3:31  SCV  
  32  3:36  SCV  
  33  3:43  SCV  
  33  3:48  SCV, Marine x2  
  36  3:50  Marauder  
  36  3:55  SCV  
  40  4:00  SCV  
  41  4:07  SCV, Barracks Reactor  
  41  4:09  Marine x2  
  44  4:10  Factory Tech Lab  
  44  4:11  Marauder  
  46  4:39  Refinery  
  46  4:41  Supply Depot  
  46  4:42  Supply Depot  
  46  4:43  Supply Depot  
  46  4:56  Stimpack  
  46  5:02  Marine x4  
  46  5:03  SCV x2, Marauder  
  46  5:04  Siege Tank  
  46  5:05  Engineering Bay  
  57  5:07  Engineering Bay  
  57  5:15  SCV x2  
  57  5:20  Marine x4  
  63  5:24  Marauder  
  63  5:27  SCV x2  
  67  5:36  Supply Depot x2  
  67  5:38  Marine x3  
  70  5:49  Terran Infantry Weapons Level 1  
  70  5:50  Terran Infantry Armor Level 1  
  70  5:57  SCV x2, Marine  
  70  5:58  Marauder, Hellion  
  77  6:08  Marine x2  
  77  6:09  SCV x2, Marine  
  82  6:15  Marine  
  83  6:19  Marine, Hellion  
  86  6:32  Supply Depot  
  86  6:33  Supply Depot  
  86  6:35  Combat Shield  
  86  6:39  Supply Depot x2  
  86  6:41  Supply Depot  
  86  6:44  Supply Depot, Refinery  
  86  6:46  SCV  
  86  6:47  Marauder  
  79  6:58  SCV  
  65  7:10  SCV  
  66  7:17  Starport  
  66  7:22  Starport  
  66  7:23  Siege Tank, Starport x2  
  66  7:25  Starport  
  69  7:31  Command Center  
  69  7:41  SCV x2  
  69  7:43  Hi-Sec Auto Tracking  
  71  7:44  Neosteel Armor  
  71  7:53  SCV x2  
  71  7:54  Concussive Shells  
  73  8:03  Starport Tech Lab x3  
  73  8:04  Starport Reactor  
  73  8:05  SCV, Starport Reactor  
  73  8:06  SCV  
  75  8:18  SCV x2  
  77  8:22  Armory  
  77  8:24  Armory x2  
  77  8:26  Siege Tank  
  80  8:30  SCV x2  
  82  8:37  Refinery  
  82  8:39  Refinery  
  82  8:42  SCV x2  
  82  8:43  Planetary Fortress  
  84  8:50  Hyperflight Rotors  
  84  8:54  SCV x2  
  86  8:58  Fusion Core  
  86  9:06  SCV x2  
  88  9:10  Cloaking Field  
  88  9:11  Interference Matrix  
  88  9:14  Infernal Pre-Igniter  
  88  9:18  SCV x2  
  90  9:26  Terran Ship Weapons Level 1, Barracks  
  90  9:32  Barracks  
  90  9:36  Command Center  
  90  9:40  SCV  
  90  9:41  SCV  
  92  9:46  SCV  
  92  9:51  Terran Vehicle And Ship Armor Level 1, Terran Vehicle Weapons Level 1  
  93  9:53  SCV x2  
  93  9:57  Weapon Refit  
  93  9:58  SCV  
  96  10:05  SCV x2  
  98  10:10  SCV  
  98  10:13  Hellion  
  101  10:17  SCV x2  
  103  10:22  SCV  
  104  10:29  SCV x2  
  104  10:34  Hellion  
  104  10:35  SCV  
  109  10:41  Refinery  
  109  10:43  Refinery  
  109  10:54  Planetary Fortress  
  109  10:56  Widow Mine  
  111  11:14  SCV x2  
  111  11:17  Widow Mine  
  115  11:19  Battlecruiser x3  
  115  11:21  Terran Ship Weapons Level 2  
  133  11:26  SCV x2  
  133  11:29  Caduceus Reactor  
  135  11:38  SCV x2  
  135  11:39  Widow Mine  
  139  11:48  Command Center  
  139  12:03  Refinery  
  139  12:08  Refinery  
  139  12:23  Battlecruiser x3  
  139  12:25  Terran Vehicle Weapons Level 2  
  139  12:26  Advanced Ballistics  
  157  12:43  Marauder  
  151  12:44  Marine  
  151  12:45  Marine x4  
  137  13:03  Marine x2  
  137  13:05  Marauder  
  126  13:20  Marine x2  
  124  13:27  Battlecruiser  
  128  13:38  Marine x2  
  130  13:56  Marine x2  
  130  13:57  Terran Vehicle And Ship Armor Level 2, Terran Ship Weapons Level 3  
  130  14:02  Barracks x2  
  132  14:05  Planetary Fortress  
  120  15:04  Barracks Tech Lab  
  120  15:05  Barracks Tech Lab  
  120  15:06  Barracks Reactor x2  
  120  15:07  Thor  
  126  15:50  Thor  
  132  16:33  Thor  
  138  16:46  Marine  
  139  16:47  Marine x7  
  146  17:04  Marine  
  146  17:05  Marine x7  
  154  17:16  Thor  
  154  17:22  Marine  
  161  17:23  Marine x2  
Show
View Real Time Build Order
Export as new Build Order

iPlayDefense Terran 

Build Orders:  

Get SALT Encoding   

  12  0:00  SCV  
  13  0:15  Supply Depot  
  13  0:18  SCV  
  14  0:26  Refinery  
  14  0:30  SCV  
  15  0:43  Barracks  
  15  0:51  SCV  
  16  1:03  SCV  
  17  1:07  Supply Depot  
  17  1:16  SCV  
  18  1:31  Orbital Command  
  18  1:33  Barracks Reactor  
  18  1:50  Factory  
  18  2:08  Barracks  
  18  2:10  Barracks  
  18  2:14  Marine x2  
  20  2:32  Marine  
  21  2:40  Factory Reactor  
  21  2:42  Refinery  
  21  2:59  Barracks Tech Lab  
  21  3:05  Barracks Tech Lab  
  21  3:06  SCV  
  21  3:07  Marine x2  
  24  3:14  Supply Depot  
  24  3:18  SCV  
  25  3:22  Hellion x2  
  25  3:25  Combat Shield, Marine x2  
  25  3:26  Stimpack  
  31  3:36  SCV  
  32  4:07  Command Center  
  32  4:08  Widow Mine x2  
  34  4:22  SCV  
  34  4:23  Marine  
  36  4:27  Supply Depot  
  36  4:30  Widow Mine x2  
  38  4:34  SCV  
  39  4:49  SCV  
  40  5:18  Barracks  
  40  5:20  Orbital Command, Barracks  
  40  5:27  SCV  
  41  5:28  Marine  
  41  5:29  Marine x3  
  41  5:30  Marauder  
  47  5:39  Siege Tank, SCV  
  51  5:43  Supply Depot  
  51  5:51  SCV, Marauder  
  54  6:02  SCV  
  54  6:03  SCV, Marine x3  
  59  6:12  Barracks Reactor x2  
  59  6:14  SCV  
  59  6:15  SCV  
  61  6:26  SCV  
  61  6:28  Supply Depot  
  62  6:44  SCV x2, Marine x2  
  62  6:45  Marine  
  67  6:50  Supply Depot  
  59  6:56  SCV x2  
  58  7:27  SCV x2, Marine x3  
  58  7:28  Marine, Marauder  
  66  7:30  Siege Tank  
  66  7:33  Supply Depot  
  66  7:35  Supply Depot  
  69  7:38  Supply Depot  
  69  7:39  SCV x2  
  71  7:50  Marauder  
  73  7:53  Refinery  
  73  7:54  Refinery  
  73  7:56  Supply Depot  
  73  7:59  Engineering Bay  
  73  8:03  Siege Tank  
  76  8:08  SCV x2  
  76  8:09  Marine x5  
  76  8:11  Marauder  
  85  8:19  Supply Depot  
  85  8:20  SCV x2  
  85  8:21  Supply Depot  
  87  8:29  Marine x5  
  87  8:30  Marine  
  87  8:32  SCV x2  
  87  8:33  Marauder  
  97  8:35  Siege Tank  
  100  8:41  Supply Depot  
  100  8:43  Supply Depot  
  100  8:44  SCV  
  100  8:45  SCV  
  102  8:54  Marauder  
  104  9:00  SCV x2, Marine  
  104  9:01  Marine x5  
  112  9:07  Supply Depot  
  112  9:08  Siege Tank  
  112  9:09  Supply Depot  
  115  9:12  SCV x2  
  115  9:15  Marauder, Armory  
  119  9:26  Starport  
  119  9:34  SCV x2  
  119  9:35  Marine x6  
  119  9:37  Marauder  
  129  9:41  Supply Depot  
  129  9:42  Supply Depot  
  129  9:43  Terran Infantry Weapons Level 1  
  129  9:46  SCV x2  
  131  9:58  Marauder  
  133  10:07  Starport Reactor  
  133  10:17  Command Center  
  133  10:19  Marauder  
  133  10:21  Terran Vehicle Weapons Level 1  
  135  10:25  SCV x2  
  135  10:26  Marine x6  
  143  10:37  SCV x2  
  143  10:41  Marauder  
  147  10:46  Medivac x2  
  151  10:55  SCV x2  
  151  10:56  Marine x6  
  159  10:58  Siege Tank  
  159  11:02  Marauder  
  164  11:05  Supply Depot  
  164  11:07  SCV x2  
  164  11:09  Supply Depot  
  166  11:16  Medivac  
  168  11:24  Missile Turret, Marauder  
  170  11:27  Missile Turret x2  
  170  11:28  Missile Turret  
  170  11:29  Orbital Command  
  170  11:36  Missile Turret  
  170  11:38  SCV x2, Terran Infantry Armor Level 1  
  172  11:44  Marine x5  
  172  11:45  Marauder  
  179  11:49  Medivac  
  179  11:50  SCV x2  
  183  12:00  Orbital Command  
  183  12:06  Marauder  
  185  12:28  Marauder  
  187  12:49  Marauder  
  145  13:08  Missile Turret  
  145  13:11  Missile Turret x2  
  127  13:15  Missile Turret  
  127  13:16  Missile Turret  
  127  13:18  Missile Turret  
  116  13:23  SCV x3  
  116  13:24  Marine x2  
  116  13:25  Marine x5  
  116  13:26  Marauder  
  114  13:27  Thor  
  114  13:29  Medivac x2  
  117  13:35  SCV x3  
  120  13:46  Refinery  
  120  13:47  Refinery, Marauder  
  122  13:54  Terran Infantry Weapons Level 2  
  122  13:55  Terran Vehicle Weapons Level 2  
  122  13:59  Medivac x2  
  126  14:08  Missile Turret  
  126  14:09  Marauder  
  128  14:10  Thor  
  128  14:11  Missile Turret  
  134  14:25  Missile Turret  
  134  14:27  Marine x6  
  134  14:29  Missile Turret, Medivac x2  
  134  14:30  Marauder  
  145  14:47  Marine x6  
  145  14:52  Marauder  
  153  14:53  Thor  
  153  14:59  Medivac x2  
  144  15:13  Marauder  
  104  15:34  Marauder  
  97  15:36  Thor  
  96  15:45  Marine  
  96  15:46  Marine x7  
  92  15:56  Marauder  
  92  16:03  Marine  
  92  16:04  Marine x7  
  96  16:12  Terran Ship Weapons Level 1  
  96  16:17  Marine  
  97  16:18  Thor  
  97  16:21  Marine x3  
  97  16:22  Marine x5  
  110  16:34  Marine  
  110  16:39  Marine x8  
  109  16:42  Command Center  
  97  16:48  Engineering Bay  
  97  16:52  Supply Depot, Marine  
  97  16:53  Supply Depot x2  
  90  16:54  Supply Depot  
  90  16:55  Refinery  
  90  16:56  Refinery  
  88  17:01  Thor  
Tags
 
Matchup
TvT
Race
Terran
Replay Pack
DaveSC2
Spawn Locations
Cross Positions
Add a new tag
Caveats
  • Supply blocks, unpowered buildings, or Contaminate may cause inaccurate times.
  • Supply counts are checked every 10 seconds.